 Dungeon Crawl Stone Soup version 0.30-a0-54-g2e61a25929 (webtiles) character file.

Game seed: 4000936208006180857

30 jlumianski the Chopper (level 3, 0/27 HPs)
             Began as a Demonspawn Gladiator on Sept 8, 2022.
             Shot with a sling bullet by a goblin (4 damage)
             ... on level 2 of the Dungeon.
             The game lasted 00:04:15 (1346 turns).

jlumianski the Chopper (Demonspawn Gladiator)       Turns: 1346, Time: 00:04:15

Health: 0/27       AC:  4    Str: 16    XL:     3   Next: 5%
Magic:  3/3        EV: 12    Int:  9    God:
Gold:   71         SH:  0    Dex: 14    Spells: 2/2 levels left

rFire   . . .      SeeInvis .    a - +0 war axe
rCold   . . .      Faith    .    (no shield)
rNeg    . . .      Spirit   .    b - +0 leather armour
rPois   .          Reflect  .    c - +0 helmet
rElec   .          Harm     .    (no cloak)
rCorr   .          Rampage  .    (no gloves)
Will    .....                    (no boots)
Stlth   +.........               (no amulet)
HPRegen 0.09/turn                (no ring)
MPRegen 0.08/turn                (no ring)

@: no status effects
A: claws 1
a: no special abilities


You were on level 2 of the Dungeon.
You visited 1 branch of the dungeon, and saw 2 of its levels.

You collected 71 gold pieces.

Inventory:

Hand Weapons
 a - a +0 war axe (weapon)
 i - a +0 sling
Missiles
 d - a throwing net (quivered)
 e - a javelin
 f - 7 stones
Armour
 b - a +0 leather armour (worn)
 c - a +0 helmet (worn)
Scrolls
 j - a scroll of summoning {unknown}
 l - a scroll of teleportation {unknown}
Potions
 g - a potion of curing {unknown}
 h - a potion of haste {unknown}
 k - a potion of lignification {unknown}
 m - a potion of heal wounds {unknown}


   Skills:
 + Level 2.1 Fighting
 + Level 3.2 Axes
 + Level 1.9 Throwing
 + Level 0.1 Armour
 + Level 3.1 Dodging
 + Level 0.2 Stealth


You had 2 spell levels left.
You didn't know any spells.
Your spell library was empty.

Dungeon Overview and Level Annotations

Branches:
Dungeon (2/15)

Altars:

Shops:
D:1 (

Annotations:
D:2 Sigmund


Innate Abilities, Weirdness & Mutations

You have sharp fingernails.


Message History

Press: ? - help, Q - select action, (/) - cycle Shift-Dir - straight line, f - Sigmund
Aim: Sigmund, wielding a +0 scythe and wearing a +0 robe (55% to hit)
You throw a throwing net. The throwing net barely misses Sigmund.
The goblin shoots a sling bullet.
The sling bullet hits you. Sigmund misses you.
Throw: 2 throwing nets
Press: ? - help, Q - select action, (/) - cycle Shift-Dir - straight line, f/p - Sigmund
Aim: Sigmund, wielding a +0 scythe and wearing a +0 robe (55% to hit)
You throw a throwing net. The throwing net hits Sigmund.
Sigmund is caught in the net!
The goblin shoots a sling bullet.
The sling bullet hits you.
You slash Sigmund!
Sigmund is moderately wounded.
The goblin shoots a sling bullet.
The sling bullet closely misses you.
Sigmund mumbles some strange words.
Sigmund flickers and vanishes!
Deactivating autopickup; reactivate with Ctrl-A.
Something wriggles in the net.
You slash something!
The goblin shoots a sling bullet.
The sling bullet hits you.
You hear some strange, mumbled words.
You are confused.
Something wriggles in the net.
The goblin shoots a sling bullet.
The goblin shoots a sling bullet.
The sling bullet closely misses you.
Something wriggles in the net.
You hit something.
Something wriggles in the net.
You hit something.
The goblin shoots a sling bullet.
The sling bullet barely misses you.
Something wriggles in the net.
The goblin shoots a sling bullet.
The sling bullet hits you.
* * * LOW HITPOINT WARNING * * *
You barely miss something.
You feel less confused.
You hear some strange, mumbled words.
A puff of flame appears from out of thin air!
The puff of flame hits you.
* * * LOW HITPOINT WARNING * * *
Something wriggles in the net.
The goblin shoots a sling bullet.
The sling bullet hits you.
You die...

###### ......
......########
............. #
..........# .#
#.#####.....<# ..
#.#......@.#.#
.##.#.$...##(.{..#
......#.#.#..g.###
.......<#......#
...##.#...#..!##
#.....#..##
###)#......
.........
..........


You could see a goblin.

Vanquished Creatures
  A dart slug (D:1)
  3 ball pythons (D:1)
  2 endoplasms (D:1)
  2 giant cockroaches (D:1)
  2 goblins
  3 hobgoblins (D:1)
  3 jackals (D:1)
  2 kobolds (D:1)
  A quokka (D:1)
  3 bats (D:1)
  A frilled lizard (D:1)
  A rat (D:1)
24 creatures vanquished.

Vanquished Creatures (others)
  A plant (D:1)
1 creature vanquished.

Grand Total: 25 creatures vanquished

Notes
Turn   | Place    | Note
-------+----------+-------------------------------------------
     0 | D:1      | jlumianski the Demonspawn Gladiator began the quest for the
                  | Orb.
     0 | D:1      | Reached XP level 1. HP: 16/16 MP: 1/1
   114 | D:2      | Noticed Sigmund
   303 | D:1      | Gained mutation: You have sharp fingernails. [demonic
                  | ancestry]
   303 | D:1      | Reached XP level 2. HP: 22/22 MP: 2/2
   446 | D:1      | Found a faded altar of an unknown god.
   815 | D:1      | Found Itat's Antique Weapon Emporium.
   834 | D:1      | Reached XP level 3. HP: 11/27 MP: 3/3
  1346 | D:2      | Shot with a sling bullet by a goblin

Illustrated notes

Levels and vault maps discovered:
D:1:      minmay_arrival_radiant_lines, layout_loops_ring,
          basic_ecumenical_altar, serial_shops, nicolae_shop_overgrown_old_shop,
          hex_tiny
D:2:      layout_basic, basic_altar, uniq_sigmund

Skill      XL: |  1  2 |
---------------+-------+-----
Axes           | 3 |  3.2
Dodging        | 3 |  3.1
Fighting       | |  2.1
Throwing       | |  1.9
Armour         | |  0.1
Stealth        | |  0.2

Action                   || total
-------------------------++-------
Melee: War axe           ||    75
       Punch             ||     1
Throw: Throwing net      ||     2
Armor: Leather armour    ||    33
Dodge: Dodged            ||    82

Table legend: (Time is in decaauts)
 A = Elapsed time spent in this place.
 B = Non-inter-level travel time spent in this place.
 C = Inter-level travel time spent in this place.
 D = Time resting spent in this place.
 E = Time spent auto-exploring this place.
 F = Levels seen in this place.
 G = Mean time per level.
                   A        B        C        D        E       F      G
               +--------+--------+--------+--------+--------+-----+--------+
         Total |   1371 |   1371 |      0 |    154 |    715 |   2 |  685.5 |
       Dungeon |   1371 |   1371 |      0 |    154 |    715 |   2 |  685.5 |
               +--------+--------+--------+--------+--------+-----+--------+

Top non-repeatable levels by time:
     D:1: 1339 daAuts
     D:2: 32 daAuts
